 Dungeon Crawl Stone Soup version 0.32-a0-909-gc671339a80 (webtiles) character file.

Game seed: 1450074777971126539

166523 wilfster70 the Warrior (level 17, -18/249 HPs)
             Began as a Minotaur Berserker on Apr 6, 2024.
             Was a High Priest of Trog.
             Demolished by Agnes
             ... wielding a +0 lajatang
              (27 damage)
             ... on level 15 of the Dungeon.
             The game lasted 00:52:32 (19651 turns).

wilfster70 the Warrior (Minotaur Berserker)        Turns: 19651, Time: 00:52:34

Health: -18/249    AC: 18    Str: 31    XL:     17   Next: 29%
Magic:  16/16      EV: 14    Int:  4    God:    Trog [*****.]
Gold:   1750       SH:  7    Dex: 13    Spells: 16/16 levels left

rFire   + + +        a - +2 broad axe (flame)
rCold   . . .        d - +0 buckler of Chimes {rPois rF+ Regen+ Int-4 Stlth+}
rNeg    + . .        q - +0 swamp dragon scales
rPois   +            J - +1 hat
rElec   .            D - +0 cloak
rCorr   .            E - +1 pair of gloves of Darkness {rF+ Dex+2}
SInv    .            c - +0 pair of boots
Will    +++..        n - amulet of regeneration Stlth
                     b - +4 ring of slaying
HPRegen 3.21/turn    y - ring of Lugonu's Pride {rF+ rN+ Str+6}
MPRegen 0.15/turn

%: no passive effects
@: berserking, strong-willed, regenerating, very quick
A: horns 2, retaliatory headbutt
a: Renounce Religion, Berserk, Trog's Hand, Brothers in Arms


You were on level 15 of the Dungeon.
You worshipped Trog.
Trog was extremely pleased with you.
You visited 3 branches of the dungeon, and saw 22 of its levels.

You collected 2070 gold pieces.
You spent 320 gold pieces at shops.

Inventory:

Hand Weapons
 a - a +2 broad axe of flaming (weapon)
 B - a +0 broad axe
Missiles
 o - 5 curare-tipped darts (quivered)
 Q - a throwing net
Armour
 c - a +0 pair of boots (worn)
 d - the +0 buckler of Chimes (worn) {rPois rF+ Regen+ Int-4 Stlth+}
   (You found it on level 3 of the Dungeon)

   Int-4:     It affects your intelligence (-4).
   rF+:       It protects you from fire.
   rPois:     It protects you from poison.
   Regen+:    It increases your rate of health regeneration.
   Stlth+:    It makes you more stealthy.
 q - +0 swamp dragon scales (worn)
 D - a +0 cloak (worn)
 E - the +1 pair of gloves of Darkness (worn) {rF+ Dex+2}
   (You found it on level 6 of the Dungeon)

   Dex+2:     It affects your dexterity (+2).
   rF+:       It protects you from fire.
 J - a +1 hat (worn)
 T - a +0 plate armour
Jewellery
 b - a +4 ring of slaying (left hand)
 n - an amulet of regeneration (around neck)
 v - a +5 ring of evasion
 y - the ring of Lugonu's Pride (right hand) {rF+ rN+ Str+6}
   (You bought it in a shop on level 1 of the Dungeon)

   [ring of strength]

   Str+6:     It affects your strength (+6).
   rF+:       It protects you from fire.
   rN+:       It protects you from negative energy.
 z - a ring of positive energy
 R - a ring of poison resistance
 S - a ring of willpower
 V - a ring of flight
Wands
 l - a wand of flame (32)
 m - a wand of paralysis (38)
 t - a wand of digging (3)
 u - a wand of mindburst (24)
 C - a wand of iceblast (14)
 L - a wand of polymorph (10)
Scrolls
 e - 7 scrolls of teleportation
 h - 6 scrolls of revelation
 i - a scroll of brand weapon
 k - 5 scrolls of poison
 p - a scroll of silence
 r - 5 scrolls of identify
 F - 2 scrolls of butterflies
 H - 4 scrolls of fog
 M - a scroll of immolation
 N - 3 scrolls of fear
Potions
 f - a potion of invisibility
 g - 6 potions of heal wounds
 j - 7 potions of curing
 s - 2 potions of cancellation
 w - 3 potions of berserk rage
 x - 2 potions of ambrosia
 A - 4 potions of might
 G - 2 potions of attraction
 I - a potion of mutation
 K - 2 potions of resistance
 O - 2 potions of lignification
 P - 2 potions of haste
Miscellaneous
 U - a tin of tremorstones (2/2)


   Skills:
 - Level 18.4 Fighting
 - Level 18.0 Axes
 - Level 6.0 Throwing
 - Level 15.0 Armour
 - Level 10.0 Dodging
 + Level 12.1 Shields
 - Level 10.0 Evocations


You had 16 spell levels left.
You didn't know any spells.
Your spell library was empty.

Dungeon Overview and Level Annotations

Branches:
Dungeon (15/15) Temple (0/1) D:4 Lair (5/5) D:9 Shoals (0/4) Lair:3 Snake (0/4) Lair:3 Slime (0/5) Lair:4 Orc (2/2) D:11 Elf (0/3) Orc:2 Vaults (0/5) D:12 D:13 Depths (0/4) D:15

Altars:
Gozag
Makhleb
Qazlal
Sif Muna
Uskayaw
Wu Jian
Zin
Beogh

Shops:
D:1 *   D:6 *   D:7 ?   D:8 !(   D:10 *   Orc:2 (=([

Portals:
Trove: D:10 (give 6 scrolls of fog)

Annotations:
D:15 Agnes


Innate Abilities, Weirdness & Mutations

You have a pair of horns on your head.
You reflexively headbutt those who attack you in melee.


Message History

The death knight hits you from afar with a +0 glaive.
You hit the white ugly thing. You burn the white ugly thing.
You headbutt the white ugly thing!
The white ugly thing is almost dead.
You slash Agnes! You burn Agnes.
Agnes says, "You will find the Path of Peace easy to follow, in death."
Agnes hits you with a +0 lajatang!!
The white ugly thing basks in the mutagenic energy from its kin and changes!
The death knight offers itself to Yredelemnul, and fills with unholy energy.
You block Agnes's attack.
You slash the red ugly thing!
You kill the red ugly thing!
Trog accepts your kill.
You miss Agnes. Agnes hits you with a +0 lajatang!
* * * LOW HITPOINT WARNING * * *
Your skin crawls.
You feel strong-willed. You block Agnes's attack.
The death knight hits you from afar with a +0 glaive.
* * * LOW HITPOINT WARNING * * *
The red ugly thing punches you but does no damage.
Agnes completely misses you.
A red film seems to cover your vision as you go berserk!
You feel yourself moving faster!
You feel mighty! Agnes hits you with a +0 lajatang!!
* * * LOW HITPOINT WARNING * * *
You block the death knight's attack.
The red ugly thing punches you but does no damage.
Agnes hits you with a +0 lajatang!!
* * * LOW HITPOINT WARNING * * *
You slice the red ugly thing!! You burn the red ugly thing.
You headbutt the red ugly thing!
The red ugly thing is heavily wounded.
You miss Agnes.
The death knight hits you from afar with a +0 glaive!!
* * * LOW HITPOINT WARNING * * *
The red ugly thing punches you but does no damage.
Agnes hits you with a +0 lajatang!!
You die...
Agnes says, "May you follow the Path of Peace in your next life."

######### ###
#.......#
##.##########.#### #
#..)#.........†.@##.##
......#######.##i)uu.#
#...### #.#####p.#
.....<# #.# .# ##.##.#
#.. .. ##.##.# ### ##
##..#.# ###.#.#
##....##


You could see Agnes, a death knight (reflects damage) and 2 ugly things.

Vanquished Creatures
  Jorgrun (Orc:1)
  Rupert (D:13)
  Gastronok (Lair:2)
  A fire giant (D:13)
  Louise (D:15)
  A frost giant (D:13)
  An orc warlord (Orc:1)
  A very ugly thing (D:13)
  Nessos (D:13)
  3 ettins (D:13)
  The ghost of casual the Nimble, a journeyman DjAl (Orc:2)
  Josephine (Lair:5)
  2 ice dragons
  2 rakshasas (D:15)
  An ogre mage (Orc:2)
  10 hydras
  A catoblepas (Lair:4)
  2 centaur warriors
  4 boulder beetles
  12 two-headed ogres
  An anaconda (Lair:4)
  A tengu warrior (D:13)
  2 orc high priests
  6 death yaks (Lair:5)
  An occultist (D:15)
  A skyshark (Lair:5)
  A fire crab (D:13)
  2 deep trolls (Orc:1)
  The ghost of junkhipster the Basher, a novice GrFi of Qazlal (D:8)
  A phantasmal warrior (D:13)
  A swamp dragon (Lair:5)
  2 wolf spider zombies (D:15)
  2 lindwurms (Lair:5)
  A necromancer (D:15)
  A deep elf pyromancer (D:13)
  Pikel (D:7)
  3 orc sorcerers
  4 orc knights
  A wolf spider (D:13)
  11 ugly things
  A deep elf zephyrmancer (D:15)
  3 manticores
  A salamander (Lair:3)
  A faun (shapeshifter) (D:13)
  5 cyclopes
  7 black mambas
  A centaur zombie (D:15)
  2 merfolk sirens (Lair:3)
  26 elephants
  Joseph (D:7)
  2 kobold blastminers
  18 cane toads
  2 gargoyles (D:13)
  2 centaur skeletons (D:15)
  Maggie (D:6)
  7 rime drakes
  An unseen horror (D:13)
  A cane toad (shapeshifter) (D:14)
  8 komodo dragons
  A tengu conjurer (D:14)
  5 freezing wraiths
  3 efreet
  3 polar bears
  A wind drake (shapeshifter) (D:13)
  A hornet (D:12)
  16 trolls
  A merfolk (Lair:3)
  Grinder (D:5)
  12 blink frogs
  6 dream sheep (Lair:5)
  15 slime creatures
  3 vampires
  8 wraiths
  Sigmund (D:2)
  3 wyverns
  Eustachio (D:5)
  4 shadows
  40 yaks
  16 humans
  4 basilisks
  7 steam dragons
  2 wargs (Orc:1)
  9 vampire mosquitoes (D:12)
  5 acid dragons
  12 water moccasins
  Duvessa (D:5)
  18 orc warriors
  5 sky beasts
  3 swamp drakes (Lair:5)
  4 black bears
  A laughing skull (D:13)
  25 ogres
  9 wolves
  5 centaurs
  4 boggarts (Lair:5)
  2 kobold brigands (D:9)
  21 bullfrogs
  3 scorpions
  4 wights (D:10)
  Dowan (D:5)
  12 killer bees
  3 howler monkeys
  A bombardier beetle (D:4)
  3 lava snakes (Lair:3)
  9 orc priests
  5 hounds
  2 sleepcaps (D:6)
  9 jellies
  4 iguanas
  20 orc wizards
  3 gnolls (D:2)
  8 adders
  A river rat (D:5)
  2 shadow imps (D:5)
  A white imp (D:6)
  2 ufetubi (D:6)
  4 ribbon worms
  6 dart slugs
  63 orcs
  5 ball pythons
  5 bats
  13 endoplasms
  5 giant cockroaches
  7 goblins
  8 hobgoblins
  8 jackals
  5 quokkas
  7 frilled lizards
  17 kobolds
  12 rats
718 creatures vanquished.

Vanquished Creatures (collateral kills)
  The ghost of Lanoc the Bludgeoner, a journeyman MDCK of Xom (Orc:1)
  An ogre mage (Orc:1)
  Maurice (Orc:1)
  2 elephants (Lair:3)
5 creatures vanquished.

Vanquished Creatures (others)
  An orc wizard (Orc:2)
  An orc (Orc:2)
2 creatures vanquished.

Grand Total: 725 creatures vanquished

Notes
Turn   | Place    | Note
-------+----------+-------------------------------------------
     0 | D:1      | wilfster70 the Minotaur Berserker began the quest for the
                  | Orb.
     0 | D:1      | Reached XP level 1. HP: 19/19 MP: 0/0
   227 | D:1      | Reached XP level 2. HP: 22/27 MP: 1/1
   314 | D:1      | Found Muhuxe's Assorted Antiques.
   573 | D:1      | Reached ** piety under Trog
   574 | D:1      | Reached XP level 3. HP: 25/33 MP: 2/2
  1099 | D:2      | Reached skill level 5 in Axes
  1226 | D:2      | Found a faded altar of an unknown god.
  1259 | D:2      | Reached XP level 4. HP: 41/41 MP: 3/3
  1374 | D:2      | Noticed Sigmund
  1381 | D:2      | Killed Sigmund
  1382 | D:2      | Reached skill level 5 in Fighting
  1382 | D:2      | Reached XP level 5. HP: 48/48 MP: 4/4
  1645 | D:2      | Reached XP level 6. HP: 56/56 MP: 5/5
  1971 | D:3      | Identified the +0 buckler of Chimes {rPois rF+ Regen+ Int-4
                  | Stlth+}
  2406 | D:3      | Reached *** piety under Trog
  2831 | D:1      | Bought a crude lead ring for 90 gold pieces
  2831 | D:1      | Identified the ring of Lugonu's Pride {rF+ rN+ Str+6} (You
                  | bought it in a shop on level 1 of the Dungeon)
  2979 | D:4      | Found a staircase to the Ecumenical Temple.
  3092 | D:4      | Reached XP level 7. HP: 62/62 MP: 6/6
  3437 | D:5      | Entered Level 5 of the Dungeon
  3437 | D:5      | Noticed Grinder
  3442 | D:5      | Killed Grinder
  3443 | D:5      | Reached skill level 10 in Axes
  3446 | D:5      | Noticed a wyvern
  3452 | D:5      | Killed a wyvern
  3453 | D:5      | Reached XP level 8. HP: 64/70 MP: 7/7
  3519 | D:5      | Noticed Duvessa
  3519 | D:5      | Noticed Dowan
  3525 | D:5      | Killed Duvessa
  3530 | D:5      | Killed Dowan
  3727 | D:5      | You fall into a shaft and drop 2 floors!
  3956 | D:7      | Noticed Pikel
  3964 | D:7      | Killed Pikel
  3965 | D:7      | Reached XP level 9. HP: 75/75 MP: 8/8
  3992 | D:7      | Noticed Joseph
  4013 | D:7      | Killed Joseph
  4289 | D:6      | Identified the +1 pair of gloves of Darkness {rF+ Dex+2}
  4343 | D:6      | Found a glowing silver altar of Zin.
  4344 | D:6      | Found an opulent altar of Gozag.
  4394 | D:6      | Found a hide-covered altar of Uskayaw.
  4505 | D:6      | Reached skill level 15 in Axes
  4516 | D:6      | Reached **** piety under Trog
  4560 | D:6      | Found a shimmering blue altar of Sif Muna.
  4932 | D:6      | Found Piso Eto's General Store.
  4980 | D:6      | Noticed Maggie
  4991 | D:6      | Paralysed by Maggie for 3 turns
  4998 | D:6      | Killed Maggie
  5469 | D:5      | Reached skill level 1 in Shields
  5731 | D:5      | Noticed Eustachio
  5756 | D:5      | Killed Eustachio
  5757 | D:5      | Reached skill level 1 in Throwing
  5759 | D:5      | Reached XP level 10. HP: 83/83 MP: 9/9
  6067 | D:7      | Found Ralisij's Magic Scroll Shoppe.
  6072 | D:7      | Bought a scroll of identify for 20 gold pieces
  6072 | D:7      | Bought a scroll of butterflies for 40 gold pieces
  6332 | D:8      | Found a stormy altar of Qazlal.
  6365 | D:8      | Found Daixo's Distillery.
  6458 | D:8      | Noticed a two-headed ogre
  6459 | D:8      | Noticed junkhipster's ghost (novice GrFi)
  6465 | D:8      | Found a runed translucent gate.
  6465 | D:8      | Found a runed translucent gate.
  6466 | D:8      | Found a runed translucent gate.
  6544 | D:8      | Killed junkhipster's ghost
  6549 | D:8      | Reached skill level 5 in Shields
  6553 | D:8      | Killed a two-headed ogre
  6555 | D:8      | Reached skill level 5 in Throwing
  6791 | D:8      | Found a burning altar of Makhleb.
  6926 | D:8      | Found Wocen's Weapon Boutique.
  6930 | D:8      | Bought a +1 broad axe of flaming for 170 gold pieces
  6987 | D:9      | Found a staircase to the Lair.
  7078 | D:9      | Reached ***** piety under Trog
  7965 | D:10     | Entered Level 10 of the Dungeon
  7972 | D:10     | Reached XP level 11. HP: 81/89 MP: 10/10
  8018 | D:10     | Noticed a two-headed ogre
  8025 | D:10     | Killed a two-headed ogre
  8118 | D:10     | Found an ornate altar of the Wu Jian Council.
  8211 | D:10     | Found a portal to a secret trove of treasure.
  8549 | D:10     | Found Titoman's Fire Supplies.
  8688 | Lair:1   | Entered Level 1 of the Lair of Beasts
  8810 | Lair:1   | Reached skill level 1 in Evocations
  9459 | Lair:2   | Reached skill level 5 in Evocations
  9486 | Lair:2   | Noticed a seven-headed hydra
  9489 | Lair:2   | Reached skill level 5 in Dodging
  9491 | Lair:2   | Reached XP level 12. HP: 83/95 MP: 11/11
  9498 | Lair:2   | Killed a four-headed hydra
  9725 | Lair:2   | Noticed Gastronok
  9823 | Lair:2   | Identified the +11 war axe of Erghif {flame, rC+} (Trog
                  | gifted it to you on level 2 of the Lair of Beasts)
  9823 | Lair:2   | Received a gift from Trog
  9961 | Lair:2   | Killed Gastronok
 10426 | Lair:3   | Found a staircase to the Snake Pit.
 10676 | Lair:3   | Found a staircase to the Shoals.
 10954 | Lair:3   | Reached XP level 13. HP: 83/102 MP: 12/12
 11100 | Lair:4   | Reached skill level 10 in Evocations
 11262 | Lair:4   | Reached skill level 10 in Dodging
 11362 | Lair:4   | Reached skill level 5 in Armour
 11541 | Lair:4   | Found a staircase to the Slime Pits.
 12028 | Lair:5   | Entered Level 5 of the Lair of Beasts
 12326 | Lair:5   | Noticed Josephine
 12346 | Lair:5   | Killed Josephine
 12346 | Lair:5   | Received a gift from Trog
 12468 | Lair:5   | Reached skill level 10 in Armour
 12471 | Lair:5   | Reached XP level 14. HP: 79/116 MP: 13/13
 12837 | Lair:5   | Reached skill level 10 in Fighting
 13091 | Lair:5   | Identified the +11 falchion of Symmetry {drain, rC+ rCorr
                  | Str+5}
 13572 | D:11     | Reached ****** piety under Trog
 13574 | D:11     | Received a gift from Trog
 13608 | D:11     | Found a staircase to the Orcish Mines.
 13620 | Orc:1    | Entered Level 1 of the Orcish Mines
 13742 | Orc:2    | Entered Level 2 of the Orcish Mines
 13742 | Orc:2    | Found a staircase to the Elven Halls.
 13742 | Orc:2    | Found Zizidolu's Weapon Shoppe.
 13742 | Orc:2    | Found Felegad's Armour Shop.
 13744 | Orc:2    | Noticed Jorgrun
 13995 | Orc:1    | Killed Jorgrun
 14136 | Orc:2    | Paralysed by an ogre mage for 4 turns
 14158 | Orc:2    | Noticed an orc warlord
 14225 | Orc:1    | Reached XP level 15. HP: 131/132 MP: 14/14
 14252 | Orc:1    | Reached skill level 15 in Armour
 14421 | Orc:2    | Found Xunt's Weapon Shop.
 14421 | Orc:2    | Found Yhyicw's Jewellery Boutique.
 14575 | Orc:2    | Found a roughly hewn altar of Beogh.
 14588 | Orc:1    | Received a gift from Trog
 14616 | Orc:1    | Found a runed translucent gate.
 14617 | Orc:1    | Found a runed translucent gate.
 14621 | Orc:1    | Found a runed translucent gate.
 14627 | Orc:1    | Noticed Lanoc's ghost (journeyman MDCK)
 14680 | Orc:1    | Killed Lanoc's ghost
 14684 | Orc:1    | Identified the +4 scale mail of the Soldier {rPois}
 14817 | Orc:1    | Noticed Maurice
 14830 | Orc:1    | Killed Maurice
 15056 | Orc:2    | Found a runed translucent gate.
 15056 | Orc:2    | Found a runed translucent gate.
 15056 | Orc:2    | Found a runed translucent gate.
 15060 | Orc:2    | Noticed casual's ghost (journeyman DjAl)
 15102 | Orc:2    | Killed casual's ghost
 16627 | D:12     | Received a gift from Trog
 16866 | D:12     | Reached skill level 15 in Fighting
 17181 | D:13     | Noticed Nessos
 17181 | D:13     | Noticed Rupert
 17181 | D:13     | Found a gate to the Vaults.
 17244 | D:13     | Killed Rupert
 17312 | D:13     | Killed Nessos
 17567 | D:13     | Noticed a fire giant
 17576 | D:13     | Killed a fire giant
 17659 | D:13     | Identified the +6 dire flail of Oqol {freeze, *Slow rF+
                  | Str+5 Dex-2}
 17807 | D:13     | Noticed a frost giant
 17814 | D:13     | Killed a frost giant
 17831 | D:13     | Identified the +2 fire dragon scales "Gubaniqe" {^Contam
                  | Harm rF++ rC- rN+++ SInv}
 18039 | D:13     | Received a gift from Trog
 18532 | D:13     | Reached XP level 16. HP: 157/157 MP: 15/15
 19236 | D:14     | Reached skill level 10 in Shields
 19236 | D:14     | Reached XP level 17. HP: 166/166 MP: 16/16
 19397 | D:15     | Entered Level 15 of the Dungeon
 19397 | D:15     | Noticed Louise
 19413 | D:15     | Killed Louise
 19559 | D:15     | Found a staircase to the Depths.
 19635 | D:15     | Noticed Agnes
 19638 | D:15     | Received a gift from Trog
 19650 | D:15     | HP: 7/249 [death knight/+0 glaive (18)]
 19651 | D:15     | Demolished by Agnes

Illustrated notes

Levels and vault maps discovered:
D:1:      dpeg_arrival_brainrot, layout_loops_ring, serial_shops,
          nicolae_shop_stone, st_stairs_13
D:2:      layout_loops_ring, ebering_ecumenical_altar_box,
          minmay_indecisive_spiral, uniq_sigmund
D:3:      layout_loops_ring, serial_bayou_lagoon_b
D:4:      layout_rooms, minmay_temple_entry_statues_fountains,
          minmay_joined_circles
D:5:      layout_loops_ring, portal_sewer_entry_e, uniq_grinder, uniq_duvessa,
          uniq_eustachio
D:6:      layout_basic, eat_drink_and_be_merry_uskayaw,
          mainiacjoe_overflow_surrounded_room,
          grunt_temple_overflow_gold_and_silver, serial_shops,
          nicolae_square_shop, uniq_maggie
D:7:      layout_loops_ring, serial_shops, nicolae_shop_back_alley_shop,
          uniq_pikel, uniq_joseph
D:8:      layout_rooms, mainiacjoe_overflow_alcove_2, grunt_qazlal_sundering,
          gammafunk_ghost_split, serial_shops,
          nicolae_shop_pleasant_corner_grove, nicolae_stop_n_shop_1
D:9:      layout_stronghold, lair_entry_dummy
D:10:     layout_rooms, nicolae_wu_jian_immortal_techniques, enter_trove_0,
          nicolae_eternal_life, nicolae_shop_fire_sale [nicolae_sub_dead_trees],
          minmay_misc_feat_alley
D:11:     layout_cave_pools, david_orc_4, minmay_diamond_spiral
D:12:     layout_basic, kennysheep_small_spiral
D:13:     minmay_box_of_curves, layout_loops_ring, david_vaults_3
D:14:     layout_cave_pods, hangedman_decor_riveting
D:15:     grunt_enter_depths_magical_seal, layout_loops_cross,
          serial_library_hellmonk_junction, uniq_agnes, uniq_louise
Lair:1:   layout_long_grid, grunt_megastairs_4
Lair:2:   layout_hall_layers, uniq_gastronok
Lair:3:   layout_hall_layers, elwin_shoals_entry_rooms,
          nicolae_snake_entry_warm_welcome, uniq_nessos
Lair:4:   layout_roguey, nicolae_slime_entry_slimehenge, hellmonk_talismancer,
          grunt_megastairs_2
Lair:5:   guppyfry_lair_end_dragon, layout_cave_pods, hangedman_lair_in_review,
          kilobyte_rumbling_trees, serial_bayou_shore_a, uniq_josephine
Orc:1:    layout_caves, ebering_ghost_rock_garden, uniq_maurice
Orc:2:    st_orc_open, layout_caves, basic_altar, ebering_ghost_rock_garden,
          uniq_jorgrun, uniq_rupert

Skill      XL: |  1  2  3  4  5  6  7  8  9 10 11 12 13 14 15 16 17 |
---------------+----------------------------------------------------+-----
Axes           | 4 5 6 8 10 13 16 17 18 | 18.0
Fighting       | 4 5 8 11 17 18 | 18.4
Armour         | 3 10 14 15 | 15.0
Shields        | 1 6 8 10 12 | 12.1
Throwing       | 1 5 6 |  6.0
Evocations     | 5 9 10 | 10.0
Dodging        | 5 8 10 | 10.0

Action                     |  1- 3 |  4- 6 |  7- 9 | 10-12 | 13-15 | 16-18 || total
---------------------------+-------+-------+-------+-------+-------+-------++-------
  Melee: Hand axe          |    89 |    62 |       |       |       |       ||   151
         Headbutt          |    12 |    22 |    31 |    86 |   217 |    42 ||   410
         War axe           |       |    40 |   198 |    65 |       |       ||   303
         Broad axe         |       |       |       |   364 |   860 |   133 ||  1357
  Throw: Dart              |       |       |       |       |     1 |       ||     1
 Invoke: Berserk           |     1 |     3 |     4 |     2 |    11 |     1 ||    22
         Trog's Hand       |       |       |     1 |       |     3 |     1 ||     5
         Brothers in Arms  |       |       |       |     1 |     3 |       ||     4
  Evoke: Wand              |       |       |       |       |     3 |       ||     3
    Use: Scroll            |       |     4 |    10 |    16 |     2 |       ||    32
         Potion            |       |       |       |       |       |     1 ||     1
   Stab: Sleeping          |     1 |       |       |       |     1 |       ||     2
         Distracted        |       |       |       |       |     1 |       ||     1
         Paralysed         |       |       |       |       |     5 |       ||     5
 Armour: Animal skin       |    29 |       |       |       |       |       ||    29
         Chain mail        |    43 |    61 |    92 |   251 |   264 |       ||   711
         Swamp dragon scal |       |       |       |       |   344 |   117 ||   461
  Dodge: Dodged            |    48 |    54 |   113 |   140 |   669 |    70 ||  1094
  Block: Buckler           |       |       |     8 |    82 |   241 |    33 ||   364

Table legend: (Time is in decaauts)
 A = Elapsed time spent in this place.
 B = Non-inter-level travel time spent in this place.
 C = Inter-level travel time spent in this place.
 D = Time resting spent in this place.
 E = Time spent auto-exploring this place.
 F = Levels seen in this place.
 G = Mean time per level.
                   A        B        C        D        E       F      G
               +--------+--------+--------+--------+--------+-----+--------+
         Total |  19578 |  18674 |    904 |   2302 |   8656 |  22 |  889.9 |
       Dungeon |  12665 |  12101 |    564 |   1190 |   6145 |  15 |  844.3 |
          Lair |   4756 |   4524 |    232 |    453 |   1888 |   5 |  951.2 |
  Orcish Mines |   2155 |   2048 |    107 |    658 |    623 |   2 | 1077.5 |
               +--------+--------+--------+--------+--------+-----+--------+

Top non-repeatable levels by time:
   Orc:1: 1295 daAuts
    D:13: 1248 daAuts
     D:6: 1207 daAuts
  Lair:5: 1156 daAuts
     D:1: 1069 daAuts
  Lair:4: 1065 daAuts
    D:12: 1008 daAuts
     D:9: 995 daAuts
  Lair:3: 977 daAuts
     D:2: 971 daAuts
     D:7: 869 daAuts
   Orc:2: 860 daAuts
  Lair:2: 794 daAuts
     D:3: 785 daAuts
  Lair:1: 763 daAuts
